 Dungeon Crawl Stone Soup version 0.26-a0-450-ge645bd13c1 (webtiles) character file.

Game seed: 17768014629312911952

1969 MrRokkomies the Digger (level 9, -10/72 HPs)
             Began as a Palentonga Earth Elementalist on July 27, 2020.
             Was a Believer of Cheibriados.
             Mangled by an orc warrior
             ... wielding a +0 trident
              (12 damage)
             ... on level 7 of the Dungeon.
             The game lasted 00:30:10 (9694 turns).

MrRokkomies the Digger (PaEE)                       Turns: 9694, Time: 00:30:10

Health: -10/72     AC:  7    Str: 17    XL:     9   Next: 0%
Magic:  6/12       EV: 12    Int: 24    God:    Cheibriados [**....]
Gold:   373        SH:  0    Dex: 15    Spells: 1/12 levels left

rFire    . . .     SeeInvis +   u - +1 dagger (venom)
rCold    . . .     Faith    .   (no shield)
rNeg     . . .     Spirit   .   c - +1 robe
rPois    .         Reflect  .   (no helmet)
rElec    .         Harm     .   j - +0 cloak
rCorr    .                      o - +0 pair of gloves
MR       .....                  (boots restricted)
Stlth    +++.......             (no amulet)
HPRegen  0.22/turn              f - ring of stealth
MPRegen  0.13/turn              (no ring)

@: lethally poisoned (-10 -> -35), very slow
A: large, claws 1, rugged brown scales 3, see invisible, deformed body, roll,
armoured tail
a: Rolling Charge, Bend Time, Renounce Religion


You were on level 7 of the Dungeon.
You worshipped Cheibriados.
Cheibriados was pleased with you.
You visited 2 branches of the dungeon, and saw 8 of its levels.

You collected 373 gold pieces.

Inventory:

Hand Weapons
 h - a +2 falchion of holy wrath
 p - a +2 short sword of freezing
 t - a +0 war axe of draining
 u - a +1 dagger of venom (weapon)
 v - a +0 hand crossbow
Missiles
 a - 2 throwing nets
 b - 185 stones
 s - 21 poisoned darts (quivered)
 w - 5 bolts
Armour
 c - a +1 robe (worn)
 j - a +0 cloak (worn)
 o - a +0 pair of gloves (worn)
Jewellery
 f - a ring of stealth (left hand)
Scrolls
 d - 2 scrolls of amnesia
 g - a scroll of teleportation
 i - a scroll of enchant armour
 k - 4 scrolls of fog
 m - 3 scrolls of remove curse
 z - a scroll of enchant weapon
Potions
 e - 2 potions of stabbing
 l - a potion of brilliance
 n - a potion of might
 q - a potion of flight
 x - a potion of magic {unknown}


   Skills:
 + Level 5.3 Fighting
 + Level 4.2 Dodging
 - Level 1.2 Stealth
 * Level 2.2 Spellcasting
 - Level 5.1 Conjurations
 - Level 1.0 Transmutations
 * Level 6.9 Earth Magic


You had one spell level left.
You knew the following spells:

 Your Spells              Type           Power        Failure   Level
a - Sandblast             Erth           #####.       1%          1
b - Passwall              Tmut/Erth      ###.....     3%          2
c - Stone Arrow           Conj/Erth      ####..       3%          3
d - Lee's Rapid Deconstr  Erth           #####.....   19%         5

Your spell library contained the following spells:

 Spells                   Type           Power        Failure   Level
 Animate Skeleton         Necr           #.....       12%         1
 Apportation              Tloc           #.....       12%         1
 Corona                   Hex            #......      12%         1
 Summon Small Mammal      Summ           #...         12%         1
 Conjure Flame            Conj/Fire      ###.....     12%         3
 Dazzling Flash           Conj/Hex       ###...       12%         3
 Mephitic Cloud           Conj/Pois/Air  ##......     17%         3
 Petrify                  Tmut/Erth      ###.....     22%         4
 Iskenderun's Battlesphe  Conj           ####....     36%         5
 Irradiate                Conj/Tmut      ###.......   67%         5


Dungeon Overview and Level Annotations

Branches:
Dungeon (7/15)             Temple (1/1) D:4

Altars:
Cheibriados
Elyvilon
Fedhas
Gozag
Hepliaklqana
Kikubaaqudgha
Makhleb
Nemelex Xobeh
Okawaru
Qazlal
Ru
Sif Muna
Trog
Uskayaw
Vehumet
Wu Jian
Xom
Zin
The Shining One


Innate Abilities, Weirdness & Mutations

You are completely covered in rugged brown scales. (AC +3, +7% HP)
You have supernaturally acute eyesight. (SInv)
Armour fits poorly on your strangely shaped body.
You can roll at foes to attack.
You have a long armoured tail.
You have sharp fingernails.


Message History

Press: ? - help, Shift-Dir - straight line, f/p - orc warrior
Aim: an orc warrior, wielding a +0 trident, wearing a +0 chain mail and quivering 24 stones (lightly wounded)
The stone arrow hits the water moccasin.
The water moccasin is severely wounded.
The water moccasin bites you!
The orc warrior hits you from afar with a +0 trident!
* * * LOW HITPOINT WARNING * * *
The water moccasin bites you.
* * * LOW HITPOINT WARNING * * *
You are lethally poisoned!
The water moccasin poisons you!
It was a potion of mutation.
You feel extremely strange.
Your fingernails lengthen.
You feel clumsy.
You feel agile.
* * * LOW HITPOINT WARNING * * *
You feel sick. The water moccasin bites you.
* * * LOW HITPOINT WARNING * * *
You are more poisoned.
The water moccasin poisons you!
The orc warrior hits you from afar with a +0 trident!
You die...

#............#.....
#............#.....
###............#.....
#.'.........#########
#.#......###.
#.#...#......
#.......####.
###..#####.#
#.@SK....# #.##o....#
..?. ....<# ##.##
.....# #. ....## #.
...... ## ...###'
...#


You could see an orc warrior, a water moccasin and a kobold.

Vanquished Creatures
  A hornet (D:7)
  Grinder (D:6)
  Eustachio (D:4)
  An orc warrior (D:6)
  A necrophage (D:6)
  An ogre (D:4)
  A centaur (D:5)
  Blork the orc (D:4)
  A big kobold (D:7)
  A scorpion (D:5)
  2 howler monkeys
  4 hounds
  2 centaur skeletons
  3 orc priests
  Crazy Yiuf (D:5)
  4 orc wizards
  2 iguanas
  2 worker ants
  13 gnolls
  7 adders
  2 ufetubi (D:5)
  An ooze (D:1)
  An adder zombie (D:5)
  An adder skeleton (D:4)
  4 worms
  A dart slug (D:2)
  5 leopard geckos
  16 orcs
  4 giant cockroaches
  4 goblins
  2 hobgoblins (D:2)
  12 jackals
  5 bats
  3 frilled lizards
  2 giant cockroach zombies
  A jackal skeleton (D:4)
  A jackal zombie (D:5)
  13 kobolds
  A leopard gecko skeleton (D:7)
  A quokka skeleton (D:7)
  8 rats
138 creatures vanquished.

Vanquished Creatures (others)
  An orc (D:3)
  A giant cockroach (D:7)
  A kobold (D:7)
  A bush (D:5)
  11 toadstools (D:7)
15 creatures vanquished.

Grand Total: 153 creatures vanquished

Notes
Turn   | Place    | Note
-------+----------+-------------------------------------------
     0 | D:1      | MrRokkomies the Palentonga Earth Elementalist began the
                  | quest for the Orb.
     0 | D:1      | Reached XP level 1. HP: 13/13 MP: 3/3
   405 | D:2      | Reached XP level 2. HP: 21/21 MP: 5/5
   431 | D:2      | Reached skill level 1 in Fighting
   542 | D:2      | Reached skill level 3 in Earth Magic
   792 | D:2      | Learned a level 2 spell: Passwall
   853 | D:2      | Reached XP level 3. HP: 27/27 MP: 6/6
  1608 | D:2      | Reached XP level 4. HP: 31/35 MP: 1/7
  2640 | D:3      | Found a stormy altar of Qazlal.
  2679 | D:3      | Reached XP level 5. HP: 28/42 MP: 0/8
  2854 | D:3      | Reached skill level 4 in Earth Magic
  3728 | D:4      | Noticed Eustachio
  4059 | D:4      | Learned a level 3 spell: Stone Arrow
  4146 | D:4      | Killed Eustachio
  4146 | D:4      | Reached skill level 1 in Conjurations
  4146 | D:4      | Reached XP level 6. HP: 20/50 MP: 0/9
  4491 | D:4      | Found a staircase to the Ecumenical Temple.
  4928 | Temple   | Entered the Ecumenical Temple
  4991 | Temple   | Became a worshipper of Cheibriados the Contemplative
  5021 | D:4      | Noticed Blork the orc
  5032 | D:4      | Killed Blork the orc
  5032 | D:4      | Reached skill level 5 in Earth Magic
  5032 | D:4      | Reached XP level 7. HP: 40/56 MP: 1/10
  5395 | D:5      | Entered Level 5 of the Dungeon
  6213 | D:5      | Found a runed translucent door.
  6214 | D:5      | Noticed Crazy Yiuf
  6221 | D:5      | Killed Crazy Yiuf
  6476 | D:5      | Found an ancient bone altar of Kikubaaqudgha.
  6563 | D:5      | Reached * piety under Cheibriados
  6663 | D:5      | Found a shimmering blue altar of Sif Muna.
  7353 | D:6      | Noticed Grinder
  7373 | D:6      | Reached XP level 8. HP: 30/65 MP: 11/11
  7385 | D:6      | Killed Grinder
  7385 | D:6      | Reached skill level 6 in Earth Magic
  8228 | D:6      | Found an iron altar of Okawaru.
  8343 | D:6      | Identified the Compendium of Unstable Conjuration
  8731 | D:7      | Reached skill level 5 in Fighting
  8736 | D:7      | Reached ** piety under Cheibriados
  8917 | D:7      | Noticed a hornet
  8923 | D:7      | Paralysed by a hornet for 1 turns
  8925 | D:7      | Killed a hornet
  8925 | D:7      | Reached skill level 5 in Conjurations
  8933 | D:7      | Learned a level 5 spell: Lee's Rapid Deconstruction
  9024 | D:7      | Noticed a green death
  9025 | D:7      | Found a burning altar of Makhleb.
  9028 | D:7      | Found a glowing silver altar of Zin.
  9028 | D:7      | Noticed an angel
  9082 | D:7      | Paralysed by a gnoll for 3 turns
  9674 | D:7      | Reached XP level 9. HP: 72/72 MP: 12/12
  9694 | D:7      | Gained mutation: You have sharp fingernails. [potion of
                  | mutation]
  9694 | D:7      | Gained mutation: You are clumsy. (Dex -2) [potion of
                  | mutation]
  9694 | D:7      | Lost mutation: You are clumsy. (Dex -2) [potion of
                  | mutation]
  9694 | D:7      | HP: 2/72 [water moccasin (5)]
  9694 | D:7      | Mangled by an orc warrior

Illustrated notes

Levels and vault maps discovered:
D:1:      psy_arrival_fountain, layout_rooms, minivault_25
D:2:      layout_loops_corners, chequers_decorated_corner, minmay_unequal
D:3:      layout_loops_ring, grunt_qazlal_clouds
D:4:      layout_loops_cross, minmay_temple_entry_drinking_statues,
          uniq_eustachio, uniq_blork_the_orc
D:5:      layout_loops_ring, old_standard_altar, kennysheep_mini_moat,
          minmay_misc_feat_secret_circle, kb_lookout_dungeons_type,
          uniq_crazy_yiuf_cottage
D:6:      layout_basic, basic_altar, uniq_grinder
D:7:      cheibrodos_fertilizer, layout_basic,
          grunt_temple_overflow_order_and_chaos_2
Temple:   eino_wide_crystal_templ

Skill      XL: |  1  2  3  4  5  6  7  8 |
---------------+-------------------------+-----
Fighting       | 1 2 3 4 5 |  5.3
Earth Magic    | 3 4 5 6 |  6.9
Dodging        | 2 3 4 |  4.2
Conjurations   | 1 2 3 5 |  5.1
Stealth        | |  1.2
Spellcasting   | |  2.2
Transmutations | |  1.0

Action                   |  1- 3 |  4- 6 |  7- 9 || total
-------------------------+-------+-------+-------++-------
Melee: Unarmed           |     9 |       |       ||     9
       Hand axe          |     4 |       |       ||     4
       Tailslap          |     8 |    12 |    27 ||    47
       Falchion          |    25 |    45 |       ||    70
       Mace              |    25 |       |       ||    25
       Short sword       |       |    89 |   150 ||   239
       Dagger            |       |       |    67 ||    67
       War axe           |       |       |    12 ||    12
Throw: Stone             |     1 |     1 |     1 ||     3
       Throwing net      |       |     5 |     2 ||     7
       Dart              |       |       |     8 ||     8
 Cast: Sandblast         |    13 |    41 |    12 ||    66
       Stone Arrow       |       |     2 |    25 ||    27
       Passwall          |       |       |     1 ||     1
 Abil: Rolling Charge    |       |     1 |       ||     1
  Use: Scroll            |    10 |     5 |     5 ||    20
       Potion            |       |     4 |     2 ||     6
 Stab: Sleeping          |     6 |     6 |     7 ||    19
       Distracted        |       |       |     1 ||     1
       Held in net/web   |       |       |     1 ||     1
Armor: Robe              |    28 |    51 |   117 ||   196
Dodge: Dodged            |    41 |    95 |   169 ||   305
       Rpst.: Falchion   |     5 |    12 |       ||    17

Table legend: (Time is in decaauts)
 A = Elapsed time spent in this place.
 B = Non-inter-level travel time spent in this place.
 C = Inter-level travel time spent in this place.
 D = Time resting spent in this place.
 E = Time spent auto-exploring this place.
 F = Levels seen in this place.
 G = Mean time per level.
                   A        B        C        D        E       F      G
               +--------+--------+--------+--------+--------+-----+--------+
         Total |  10554 |  10418 |    136 |   3599 |   5328 |   8 | 1319.2 |
       Dungeon |  10475 |  10369 |    106 |   3599 |   5281 |   7 | 1496.4 |
        Temple |     78 |     49 |     29 |      0 |     47 |   1 |   78.0 |
               +--------+--------+--------+--------+--------+-----+--------+

Top non-repeatable levels by time:
     D:4: 2312 daAuts
     D:6: 2081 daAuts
     D:2: 2003 daAuts
     D:5: 1357 daAuts
     D:7: 1355 daAuts
     D:3: 968 daAuts
     D:1: 396 daAuts
  Temple: 78 daAuts
